[Event "Titled Tuesday Blitz August 1 Late 2023"]
[White "Goltsev, Dmitry"]
[Black "Stachanczyk, Jacek"]
[WhiteFideId "24176710"]
[BlackFideId "1116657"]
[WhiteElo "2627"]
[BlackElo "2396"]
[Result "1/2-1/2"]
[Round "10"]
[TimeControl "180+1"]
[Date "2023.08.01"]
[WhiteClock "0:00:05"]
[BlackClock "0:01:01"]
[Board "68"]

1. e4 c5 2. Nf3 d6 3. d4 cxd4 4. Nxd4 Nf6 5. Nc3 g6 6. Be2 Bg7 7. h4 O-O 8. h5 Nc6 9. hxg6 hxg6 10. Be3 Nxd4 11. Bxd4 Be6 12. Qd2 Qa5 13. O-O-O Rfc8 14. a3 Rab8 15. Kb1 b5 16. Nd5 Qxd2 17. Nxf6+ Bxf6 18. Rxd2 Bxd4 19. Rxd4 Kg7 20. f4 a5 21. g4 Kf6 22. g5+ Kg7 23. Rdd1 b4 24. a4 b3 25. c3 Bd7 26. e5 Bf5+ 27. Ka1 dxe5 28. fxe5 Rc5 29. Rh2 Rh8 30. Rxh8 Kxh8 31. Bf1 Rxe5 32. Bc4 Bc2 33. Rf1 Kg7 34. Rxf7+ Kh8 35. Rf8+ Kg7 36. Rf7+ Kh8 37. Rf8+ Kh7 38. Rf7+ Kh8 1/2-1/2


[Site "https://www.chess.com"]

[Event "Titled Tuesday Blitz August 1 Late 2023"]
[White "Sun, Rick"]
[Black "Kubatko, Ivan"]
[WhiteFideId "30909481"]
[BlackFideId "24111473"]
[WhiteElo "2595"]
[BlackElo "2395"]
[Result "1-0"]
[Round "10"]
[TimeControl "180+1"]
[Date "2023.08.01"]
[WhiteClock "0:00:10"]
[BlackClock "0:00:07"]
[Board "69"]

1. d4 d5 2. Nc3 Nf6 3. Bf4 a6 4. e3 e6 5. Nf3 b5 6. Bd3 Bb7 7. O-O Nbd7 8. Ne5 c5 9. Re1 Qb6 10. a4 cxd4 11. exd4 Qxd4 12. Nxd7 Nxd7 13. Rxe6+ Kd8 14. Bg5+ f6 15. Re8+ Kxe8 16. Bg6+ hxg6 17. Qxd4 fxg5 18. Nxd5 Kf7 19. axb5 Bc5 20. Qd3 Ne5 21. Qb3 Rad8 22. Nc7+ Kf8 23. Ne6+ Ke7 24. Nxd8 Rxd8 25. bxa6 Bd5 26. Qb5 Kd6 27. a7 Nc6 28. c3 Rc8 29. Qd3 Ne5 30. Ra6+ Ke7 31. Qxd5 Bxf2+ 32. Kxf2 Rf8+ 33. Kg1 Nd7 34. Qd6+ Ke8 35. a8=Q+ Kf7 36. Qaxf8+ Nxf8 37. Ra7+ Kg8 38. Ra8 Kh7 39. Rxf8 Kh6 40. Rf7 Kh5 41. Qe7 Kg4 42. Rxg7 Kh4 43. Qe1+ Kg4 44. Qg3+ Kh5 45. Qh3# 1-0


[Site "https://www.chess.com"]

[Event "Titled Tuesday Blitz August 1 Late 2023"]
[White "Suder, Jakub"]
[Black "Uzcategui Rodriguez, Alejandro"]
[WhiteFideId "1195310"]
[BlackFideId "3903400"]
[WhiteElo "2570"]
[BlackElo "2392"]
[Result "1/2-1/2"]
[Round "10"]
[TimeControl "180+1"]
[Date "2023.08.01"]
[WhiteClock "0:00:03"]
[BlackClock "0:00:07"]
[Board "70"]

1. d4 Nf6 2. c4 d6 3. Nc3 Nbd7 4. Nf3 e5 5. Bg5 Be7 6. e3 c6 7. Qc2 O-O 8. Bd3 Re8 9. O-O-O a6 10. Kb1 b5 11. dxe5 dxe5 12. Ne4 Nxe4 13. Bxe7 Qxe7 14. Bxe4 Qc5 15. Bxh7+ Kh8 16. Bf5 Nf6 17. Bxc8 Raxc8 18. Ng5 Kg8 19. Ne4 Qb4 20. Nxf6+ gxf6 21. c5 Qg4 22. h4 Rcd8 23. f3 Qg3 24. h5 Qg5 25. Qe4 Rc8 26. h6 f5 27. Qh4 Qxh4 28. Rxh4 Kh7 29. Rd6 Re6 30. Rxe6 fxe6 31. g4 Kg6 32. h7 Rh8 33. gxf5+ exf5 34. a4 Rxh7 35. Rxh7 Kxh7 36. axb5 axb5 37. Kc2 Kg6 38. Kc3 Kg5 39. Kb4 Kh4 40. Ka5 Kg3 41. Kb6 Kxf3 42. Kxc6 Kxe3 43. Kd5 f4 44. c6 f3 45. c7 f2 46. c8=Q f1=Q 47. Qc5+ Kd2 48. Qc3+ Kd1 49. Kxe5 Qe2+ 50. Kd5 Qh5+ 51. Kc6 Qf5 52. Qb4 Kc2 53. Kb6 Qd5 54. Ka5 Qc4 55. Qxb5 Qxb5+ 56. Kxb5 Kxb2 1/2-1/2


[Site "https://www.chess.com"]

[Event "Titled Tuesday Blitz August 1 Late 2023"]
[White "Karwowski, Kacper"]
[Black "Bach, Matthias"]
[WhiteFideId "1126032"]
[BlackFideId "4603168"]
[WhiteElo "2540"]
[BlackElo "2373"]
[Result "1-0"]
[Round "10"]
[TimeControl "180+1"]
[Date "2023.08.01"]
[WhiteClock "0:00:51"]
[BlackClock "0:00:00"]
[Board "71"]

1. e4 e5 2. Nf3 Nc6 3. d4 exd4 4. Nxd4 Nf6 5. Nc3 Bb4 6. Nxc6 bxc6 7. Bd3 d5 8. exd5 cxd5 9. O-O O-O 10. h3 c6 11. Ne2 Re8 12. b3 Ne4 13. Bb2 Bf5 14. Nd4 Bd7 15. a3 Bc3 16. Bxc3 Nxc3 17. Qd2 Ne4 18. Bxe4 Rxe4 19. b4 Qf6 20. Nb3 Rae8 21. Nc5 R4e7 22. Rae1 Bf5 23. c3 h6 24. Nb3 Be4 25. f3 Bf5 26. Nd4 Bd7 27. Rxe7 Qxe7 28. Nc2 Qh4 29. Re1 Re6 30. Rxe6 fxe6 31. Qf2 Qf6 32. Qxa7 Be8 33. Qc5 e5 34. a4 Bg6 35. Ne3 d4 36. Ng4 Qf4 37. cxd4 exd4 38. Qxc6 Bf7 39. Qc8+ Kh7 40. Qc2+ Bg6 41. Qd1 d3 42. b5 Qd4+ 43. Nf2 d2 44. b6 Qxb6 45. Qxd2 Qb1+ 46. Kh2 Qa1 47. a5 Qe5+ 48. f4 Qb5 49. Ng4 h5 50. Ne5 Be4 51. Qe3 Bf5 52. g4 hxg4 53. hxg4 Be6 54. Qd3+ 1-0


[Site "https://www.chess.com"]

[Event "Titled Tuesday Blitz August 1 Late 2023"]
[White "ElenGajger"]
[Black "Vifleemskaia, Svetlana"]
[BlackFideId "4129490"]
[WhiteElo "2535"]
[BlackElo "2386"]
[Result "1-0"]
[Round "10"]
[TimeControl "180+1"]
[Date "2023.08.01"]
[WhiteClock "0:00:35"]
[BlackClock "0:00:00"]
[Board "72"]

1. e4 e5 2. d4 exd4 3. Nf3 Nc6 4. Bc4 Nf6 5. e5 d5 6. Bb5 Ne4 7. Nxd4 Bd7 8. Bxc6 bxc6 9. O-O Bc5 10. f3 Ng5 11. f4 Ne4 12. Be3 O-O 13. Nd2 Nxd2 14. Qxd2 Qe7 15. Nb3 Bb6 16. Qc3 Rfe8 17. Rae1 Qe6 18. Nc5 Qf5 19. Bd4 Be6 20. h3 h5 21. Qf3 Bxc5 22. Bxc5 Qxc2 23. b4 Qf5 24. Kh2 a5 25. a3 axb4 26. axb4 Ra2 27. Rf2 Rea8 28. Ree2 Rxe2 29. Rxe2 Ra1 30. Rf2 Qb1 31. Kg3 Qg6+ 32. Kh4 Rg1 33. f5 Bxf5 34. Qxf5 Rxg2 35. Qxg6 Rxg6 36. Kxh5 Rg3 37. Kh4 Rg6 38. Ra2 Re6 39. Bd4 Kh7 40. Kg5 Rg6+ 41. Kf4 Rh6 42. Ra3 Rh4+ 43. Ke3 Re4+ 44. Kd3 Kg6 45. Ra7 Rh4 46. Rxc7 Rxh3+ 47. Be3 Kf5 48. Rxc6 Kxe5 49. Rc5 f5 50. Ke2 f4 51. Bf2 Rb3 52. Rb5 g5 53. Rb8 g4 54. Re8+ Kd6 55. Bc5+ Kc6 56. Rf8 f3+ 57. Kf2 Rb2+ 58. Kg3 Rg2+ 59. Kh4 Kb5 60. Rb8+ Kc4 61. Rf8 d4 62. Rf4 Kc3 63. Rxd4 1-0


[Site "https://www.chess.com"]

[Event "Titled Tuesday Blitz August 1 Late 2023"]
[White "Elissalt Cardenas, Hector"]
[Black "Chor, Kevin"]
[WhiteFideId "3500632"]
[BlackFideId "2090740"]
[WhiteElo "2358"]
[BlackElo "2508"]
[Result "0-1"]
[Round "10"]
[TimeControl "180+1"]
[Date "2023.08.01"]
[WhiteClock "0:00:00"]
[BlackClock "0:00:10"]
[Board "73"]

1. d4 Nf6 2. c4 g6 3. Nc3 Bg7 4. e4 d6 5. Be2 O-O 6. Be3 Na6 7. Nf3 e5 8. d5 Ng4 9. Bg5 Qe8 10. Nd2 f5 11. exf5 gxf5 12. Bxg4 fxg4 13. Nde4 Qg6 14. Be3 Bf5 15. Qb1 c6 16. O-O cxd5 17. cxd5 Rac8 18. Re1 Rxc3 19. bxc3 Bxe4 20. Qxb7 Nc5 21. Bxc5 dxc5 22. Rad1 Qf5 23. Qb2 Bh6 24. d6 Bc2 25. d7 Bxd1 26. Rxd1 Rd8 27. Qb7 Qe6 28. Qxa7 Bf8 29. Qc7 Be7 30. a4 Qb3 31. Rf1 Qxa4 32. Qxe5 Qxd7 33. Qe4 Bf6 34. Re1 Kg7 35. g3 Bxc3 36. Rb1 Re8 37. Qg2 Re1+ 0-1


[Site "https://www.chess.com"]

[Event "Titled Tuesday Blitz August 1 Late 2023"]
[White "Jimenez Jimenez, Leandro"]
[Black "Topalov, Aleksandar"]
[WhiteFideId "6415253"]
[BlackFideId "925659"]
[WhiteElo "2490"]
[BlackElo "2357"]
[Result "0-1"]
[Round "10"]
[TimeControl "180+1"]
[Date "2023.08.01"]
[WhiteClock "0:00:00"]
[BlackClock "0:00:14"]
[Board "74"]

1. Nf3 f5 2. d4 Nf6 3. c4 e6 4. Nc3 Bb4 5. Qb3 Bxc3+ 6. Qxc3 b6 7. Bg5 Bb7 8. g3 O-O 9. Bg2 Qe8 10. O-O Ne4 11. Qe3 h6 12. Bf4 d6 13. h4 Nd7 14. Qd3 e5 15. dxe5 dxe5 16. Bc1 Nxf2 17. Rxf2 e4 18. Qc3 exf3 19. exf3 Nc5 20. b3 Qf7 21. Bb2 f4 22. g4 Rae8 23. Re1 Rxe1+ 24. Qxe1 Nd3 25. Qd2 Nxf2 26. Kxf2 Re8 27. c5 Qe6 28. Bf1 Qe3+ 29. Qxe3 fxe3+ 30. Ke2 Ba6+ 31. Ke1 Bxf1 32. Kxf1 e2+ 33. Ke1 Kf7 34. f4 g6 35. cxb6 axb6 36. Bd4 Re4 37. Be5 c6 38. a4 g5 39. hxg5 hxg5 40. Bc7 gxf4 41. Bxb6 Ke6 42. a5 Kd7 43. a6 Kc8 44. a7 Kb7 45. g5 f3 46. g6 Rg4 47. Bf2 Rxg6 48. Kd2 Rd6+ 49. Ke3 Rd1 50. Kxf3 e1=Q 51. Bxe1 Rxe1 52. a8=N Kxa8 0-1


[Site "https://www.chess.com"]

[Event "Titled Tuesday Blitz August 1 Late 2023"]
[White "Sanhueza, Cristian"]
[Black "Crispin Ferreras, Darvi Abraham"]
[WhiteFideId "116815"]
[BlackFideId "6402771"]
[WhiteElo "2479"]
[BlackElo "2348"]
[Result "1-0"]
[Round "10"]
[TimeControl "180+1"]
[Date "2023.08.01"]
[WhiteClock "0:01:18"]
[BlackClock "0:01:10"]
[Board "75"]

1. d4 Nf6 2. Bf4 d5 3. e3 c5 4. c3 e6 5. Nf3 Nc6 6. Nbd2 Bd6 7. Bg3 Ne4 8. Nxe4 dxe4 9. Ne5 Bxe5 10. dxe5 Qb6 11. Qc2 O-O 12. Bc4 Na5 13. Be2 Bd7 14. O-O Bc6 15. Rab1 c4 16. b4 cxb3 17. axb3 Bb5 18. c4 Bd7 19. b4 Nc6 20. c5 Qc7 21. Qxe4 a5 22. b5 Nb4 23. Rfc1 Rfd8 24. Bf3 Rab8 25. Bh4 Rdc8 26. Be7 Bxb5 27. Bd6 Qd7 28. Bxb8 Bd3 29. Qxb7 Qxb7 30. Bxb7 Rxb8 31. Rxb4 axb4 32. c6 g6 33. c7 Rf8 34. c8=Q Rxc8 35. Rxc8+ Kg7 36. Rb8 b3 37. Bf3 Bc2 38. Be2 1-0


[Site "https://www.chess.com"]

[Event "Titled Tuesday Blitz August 1 Late 2023"]
[White "Garcia-Castany Musellas, Gal.la"]
[Black "Rios Escobar, Adan"]
[WhiteFideId "2241803"]
[BlackFideId "3403645"]
[WhiteElo "2337"]
[BlackElo "2453"]
[Result "0-1"]
[Round "10"]
[TimeControl "180+1"]
[Date "2023.08.01"]
[WhiteClock "0:00:00"]
[BlackClock "0:00:08"]
[Board "76"]

1. e4 c5 2. Nf3 d6 3. d4 cxd4 4. Qxd4 Nc6 5. Bb5 Bd7 6. Qd3 Rc8 7. c4 a6 8. Bxc6 Bxc6 9. Nc3 Nf6 10. O-O g6 11. Rd1 Qa5 12. h3 Bg7 13. Rb1 O-O 14. Be3 Nd7 15. b4 Qc7 16. b5 axb5 17. cxb5 Bxc3 18. Qxc3 Bxe4 19. Qxc7 Rxc7 20. Rbc1 Rfc8 21. Rxc7 Rxc7 22. Nd2 Bd5 23. Nb3 Bxb3 24. axb3 Rc3 25. b4 Rb3 26. Ra1 Rxb4 27. Bh6 f6 28. Ra8+ Kf7 29. Rh8 Rxb5 30. Rxh7+ Ke6 31. Rg7 g5 32. Rg8 Rb1+ 33. Kh2 b5 34. h4 gxh4 35. Ra8 b4 36. Ra7 Nc5 37. Bf8 b3 38. Rxe7+ Kd5 39. Rd7 b2 40. Rxd6+ Kc4 0-1


[Site "https://www.chess.com"]

[Event "Titled Tuesday Blitz August 1 Late 2023"]
[White "Harriott, Tyrell"]
[Black "Lopez Gracia, Fernando"]
[WhiteFideId "2086484"]
[BlackFideId "2207184"]
[WhiteElo "2452"]
[BlackElo "2328"]
[Result "0-1"]
[Round "10"]
[TimeControl "180+1"]
[Date "2023.08.01"]
[WhiteClock "0:00:09"]
[BlackClock "0:00:18"]
[Board "77"]

1. d4 Nf6 2. e3 e6 3. Bd3 b6 4. f4 Bb7 5. Nf3 c5 6. O-O d6 7. c3 Nbd7 8. Nbd2 Be7 9. a3 O-O 10. e4 cxd4 11. cxd4 e5 12. fxe5 dxe5 13. d5 Bc5+ 14. Kh1 Ng4 15. Qe2 f5 16. Nb3 fxe4 17. Bxe4 Ndf6 18. Nxc5 bxc5 19. Bg5 Qb6 20. Rad1 Ba6 21. Bd3 Bxd3 22. Qxd3 e4 23. Qc4 exf3 24. gxf3 Ne5 25. Qe2 Rae8 26. d6 Nf7 27. Qc4 Kh8 28. Bxf6 gxf6 29. d7 Rd8 30. Rfe1 Qc6 31. Qf4 Ne5 32. Re4 Rxd7 33. Rg1 Rdf7 34. Qf5 Qd7 35. Qf4 Ng6 36. Qh6 Qf5 37. Reg4 Qxf3+ 38. R1g2 Rd8 39. h3 Qd1+ 40. Kh2 Qd6+ 41. Kh1 Qe5 42. Rxg6 Rd1+ 43. Rg1 Qe4+ 44. Rg2 Rxg1+ 45. Kxg1 Qd4+ 46. Kh2 f5 47. Qg5 Qe5+ 48. Kh1 Qe8 49. Qf4 Qf8 50. Qc4 Rg7 51. Qc3 Kg8 52. h4 Rxg2 53. Kxg2 Qg7+ 54. Kf3 Qxc3+ 55. bxc3 Kf7 56. Kf4 Kf6 57. c4 h5 58. a4 a5 59. Ke3 Ke5 60. Kd3 f4 61. Kc3 Ke4 62. Kc2 Ke3 63. Kd1 Kd4 64. Ke2 Kxc4 65. Kf3 Kb4 66. Kxf4 c4 67. Kg5 c3 68. Kxh5 c2 69. Kh6 c1=Q+ 70. Kh7 Kxa4 71. h5 Kb3 72. h6 a4 73. Kg7 a3 74. h7 a2 75. h8=Q a1=Q+ 76. Kg8 Qc8+ 77. Kf7 Qaxh8 78. Ke7 Qhf8# 0-1


[Site "https://www.chess.com"]

[Event "Titled Tuesday Blitz August 1 Late 2023"]
[White "Ai, Evan"]
[Black "slidingknight2775"]
[WhiteFideId "2094770"]
[WhiteElo "2326"]
[BlackElo "2448"]
[Result "0-1"]
[Round "10"]
[TimeControl "180+1"]
[Date "2023.08.01"]
[WhiteClock "0:00:13"]
[BlackClock "0:00:04"]
[Board "78"]

1. e4 c6 2. d4 d5 3. Nc3 dxe4 4. Nxe4 Nf6 5. Nxf6+ exf6 6. c3 Bd6 7. Bd3 O-O 8. Ne2 Re8 9. O-O Nd7 10. Bf4 Nf8 11. Qd2 Ng6 12. Bxd6 Qxd6 13. Ng3 Bd7 14. Rfe1 Qf4 15. Qxf4 Nxf4 16. Bc2 h5 17. Ne4 b6 18. a4 a5 19. Nd6 Rxe1+ 20. Rxe1 Be6 21. g3 Nd5 22. Bf5 Bxf5 23. Nxf5 Kf8 24. Nd6 Rd8 25. Nc4 g6 26. f4 Rb8 27. Kf2 b5 28. axb5 Rxb5 29. Ra1 Nb6 30. Nxb6 Rxb2+ 31. Kf3 Rxb6 32. Rxa5 Ke7 33. Ke4 Rb3 34. Rc5 Kd6 35. h3 f5+ 36. Kf3 Ra3 37. g4 hxg4+ 38. hxg4 fxg4+ 39. Kxg4 f6 40. f5 g5 41. Kh5 Ra1 42. Kg6 g4 43. Kxf6 g3 44. Re5 g2 45. Re6+ Kd5 46. Re5+ Kc4 47. Rc5+ Kd3 48. Rxc6 g1=Q 49. Re6 Qg4 50. d5 Rf1 51. Re5 Qh4+ 52. Ke6 Qh6+ 53. Kd7 Qg7+ 54. Kd6 Qf6+ 55. Re6 Qxf5 56. Kc6 Kc4 57. Rh6 Qxd5+ 0-1


[Site "https://www.chess.com"]

[Event "Titled Tuesday Blitz August 1 Late 2023"]
[White "Ardila, Oscar Humberto"]
[Black "Omariev, Maksim"]
[WhiteFideId "4404742"]
[BlackFideId "4193423"]
[WhiteElo "2326"]
[BlackElo "2447"]
[Result "1/2-1/2"]
[Round "10"]
[TimeControl "180+1"]
[Date "2023.08.01"]
[WhiteClock "0:00:38"]
[BlackClock "0:00:04"]
[Board "79"]

1. d4 h5 2. c4 h4 3. Nc3 d6 4. h3 Nc6 5. e3 e5 6. d5 Nce7 7. Be2 f5 8. Nf3 Nf6 9. Ng5 Ng6 10. Ne6 Qe7 11. Nxf8 Kxf8 12. b3 Bd7 13. Bb2 a6 14. Qc2 Kg8 15. Bd3 Rh5 16. e4 Nf4 17. O-O-O Nxg2 18. exf5 Nf4 19. Rdg1 Nxd3+ 20. Qxd3 Rxf5 21. Qe3 Rf8 22. Rg2 Nh5 23. Rhg1 R8f7 24. Ne4 Rf3 25. Qg5 Nf4 26. Qxe7 Rxe7 27. Nf6+ Kf8 28. Nxd7+ Rxd7 29. Kd2 Nxg2 30. Rxg2 Rxh3 31. Ke2 Rf7 32. Bc1 Rhf3 33. Be3 h3 34. Rg4 Kg8 35. Rh4 R7f6 36. b4 Rf8 37. c5 R8f5 38. a4 g6 39. Rg4 h2 40. Rh4 Rh5 41. Rxh2 Rxh2 42. Kxf3 Rh3+ 43. Kg4 Rh1 44. Kg5 Rg1+ 45. Kf6 Kh7 46. cxd6 cxd6 47. Ke6 Rb1 48. b5 axb5 49. axb5 Rxb5 50. Kxd6 e4 51. Ke6 Rb4 52. d6 Rb3 53. d7 Rd3 54. Ke7 b5 55. d8=Q Rxd8 56. Kxd8 b4 57. Ke7 b3 58. Bd4 Kh6 59. Kf6 Kh5 60. Ke5 Kg4 61. Kxe4 g5 62. Kd3 Kf3 63. Kc3 g4 64. Kxb3 g3 65. fxg3 Kxg3 1/2-1/2


[Site "https://www.chess.com"]

[Event "Titled Tuesday Blitz August 1 Late 2023"]
[White "Urbina Perez, Juan Antonio"]
[Black "Sala, Giulia"]
[WhiteFideId "2217368"]
[BlackFideId "2840451"]
[WhiteElo "2445"]
[BlackElo "2297"]
[Result "1/2-1/2"]
[Round "10"]
[TimeControl "180+1"]
[Date "2023.08.01"]
[WhiteClock "0:00:00"]
[BlackClock "0:00:13"]
[Board "80"]

1. d4 Nf6 2. c4 g6 3. Nf3 Bg7 4. g3 d6 5. Bg2 O-O 6. O-O Ne4 7. Nfd2 Nxd2 8. Qxd2 f5 9. Nc3 a5 10. e4 e5 11. dxe5 dxe5 12. Qxd8 Rxd8 13. Nd5 Nc6 14. Nxc7 Rb8 15. Nd5 Be6 16. Bg5 Rd7 17. Rad1 Kf7 18. Nb6 Rd4 19. Be3 Rxd1 20. Rxd1 Bf8 21. b3 Bb4 22. Nd7 Re8 23. exf5 Bxf5 24. Nc5 Nd4 25. Ne4 Bxe4 26. Bxe4 Ne2+ 27. Kg2 Nc3 28. Bd5+ Kf6 29. Rd3 Nxa2 30. h4 e4 31. Bg5+ Ke5 32. Bxe4 Nc3 33. Bxb7 Rf8 34. Re3+ Kd4 35. Bf3 Nb1 36. Bh6 Rf7 37. Re1 Bxe1 38. Be3+ Kd3 39. Bd5 Bd2 40. Bxd2 Nxd2 41. Bxf7 Nxb3 42. f4 Nc5 43. Be8 a4 44. Bxa4 Nxa4 45. Kf3 Kxc4 46. Kg4 Kd5 47. Kg5 Ke6 48. Kh6 Kf7 49. Kxh7 Nc5 50. g4 Ne6 51. f5 Nf8+ 52. Kh6 gxf5 53. gxf5 Kf6 54. h5 Nd7 55. Kh7 Kf7 1/2-1/2


[Site "https://www.chess.com"]

[Event "Titled Tuesday Blitz August 1 Late 2023"]
[White "Harish, Neeraj"]
[Black "FuenfgegenWilly"]
[WhiteFideId "30958130"]
[WhiteElo "2319"]
[BlackElo "2430"]
[Result "1-0"]
[Round "10"]
[TimeControl "180+1"]
[Date "2023.08.01"]
[WhiteClock "0:00:39"]
[BlackClock "0:00:06"]
[Board "81"]

1. e4 c5 2. Nf3 a6 3. c4 Nc6 4. d4 cxd4 5. Nxd4 e6 6. Nc3 Qc7 7. Be3 Nf6 8. Be2 Bb4 9. f3 Ne5 10. Qb3 Qa5 11. O-O Bxc3 12. Qxc3 Qxc3 13. bxc3 O-O 14. h3 d6 15. f4 Nc6 16. Bf3 Nd7 17. Nxc6 bxc6 18. Rfd1 Rd8 19. Rxd6 Kf8 20. Rad1 Ke8 21. e5 Bb7 22. Bxc6 Bxc6 23. Rxc6 Rdc8 24. Rcd6 Rc7 25. Kf2 Nc5 26. Bxc5 Rxc5 27. R1d4 Ra7 28. Ke3 a5 29. Rb6 Rac7 30. Kd3 Ke7 31. Rb5 h5 32. Rxc5 Rxc5 33. Rd6 Rc7 34. Kd4 h4 35. c5 Rb7 36. Ra6 Rb2 37. Rxa5 Rxg2 38. Ra7+ Kd8 39. c6 Rg3 40. c4 Rxh3 41. Kc5 Rh2 42. Ra8+ Kc7 43. Ra7+ Kc8 44. Rxf7 h3 45. Rxg7 Rxa2 46. Rh7 h2 47. Kd6 Rd2+ 48. Kxe6 Rf2 49. f5 Rc2 50. Kd6 Rd2+ 51. Kc5 Re2 52. e6 Re5+ 53. Kd6 Rxf5 54. Rh8+ Rf8 55. Rxf8# 1-0


[Site "https://www.chess.com"]

[Event "Titled Tuesday Blitz August 1 Late 2023"]
[White "Rodriguez, Santiago"]
[Black "Kula, Robert"]
[WhiteFideId "3000591"]
[BlackFideId "1101218"]
[WhiteElo "2422"]
[BlackElo "2268"]
[Result "1-0"]
[Round "10"]
[TimeControl "180+1"]
[Date "2023.08.01"]
[WhiteClock "0:01:02"]
[BlackClock "0:00:00"]
[Board "82"]

1. d4 d5 2. Nc3 Nf6 3. Bf4 c6 4. e3 Bf5 5. f3 e6 6. g4 Bg6 7. h4 h5 8. g5 Nfd7 9. Bd3 Bxd3 10. Qxd3 g6 11. O-O-O Qa5 12. Kb1 Bb4 13. Nge2 c5 14. Bxb8 c4 15. Qd2 Rxb8 16. e4 O-O 17. exd5 exd5 18. f4 Rbe8 19. Rh2 Nb6 20. f5 Rxe2 21. Qxe2 Bxc3 22. bxc3 Na4 23. Rh3 Nxc3+ 24. Rxc3 Qxc3 25. fxg6 Qb4+ 26. Ka1 c3 27. Rb1 Qxd4 28. Rxb7 Qg1+ 29. Rb1 Qd4 30. gxf7+ Rxf7 31. g6 Rf8 32. Qxh5 Qg7 33. Qxd5+ Kh8 34. Qh5+ Kg8 35. Qd5+ Kh8 36. h5 Re8 37. a3 Rf8 38. Rb7 Rf1+ 39. Ka2 1-0


[Site "https://www.chess.com"]

[Event "Titled Tuesday Blitz August 1 Late 2023"]
[White "Davidson, Kevin"]
[Black "Osmonbekov, Talaibek"]
[WhiteFideId "2056810"]
[BlackFideId "2017253"]
[WhiteElo "2412"]
[BlackElo "2222"]
[Result "1-0"]
[Round "10"]
[TimeControl "180+1"]
[Date "2023.08.01"]
[WhiteClock "0:00:03"]
[BlackClock "0:00:03"]
[Board "83"]

1. e4 c5 2. Nf3 d6 3. d4 cxd4 4. Nxd4 Nf6 5. Nc3 g6 6. Be3 Bg7 7. f3 O-O 8. Qd2 Nc6 9. O-O-O d5 10. Qe1 e5 11. Nxc6 bxc6 12. exd5 Nxd5 13. Bc4 Be6 14. Ne4 Qc7 15. Bc5 Rfd8 16. g4 Bh6+ 17. g5 Bg7 18. h4 Nf4 19. Bxe6 Nxe6 20. Bd6 Qb6 21. h5 Rab8 22. Bxb8 Rxb8 23. b3 Qa6 24. Kb1 Qa3 25. hxg6 hxg6 26. Qh4 Kf8 27. Rd7 Nc5 28. Nxc5 e4 29. c3 Bxc3 30. Rxf7+ Kxf7 31. Qf4+ Kg7 32. Ne6+ Kg8 33. Qxb8+ Kf7 34. Nd8+ Kg7 35. Qc7+ Kg8 36. Qf7# 1-0


[Site "https://www.chess.com"]

[Event "Titled Tuesday Blitz August 1 Late 2023"]
[White "Jorajuria Mendoza, Algol"]
[Black "Miranda, Rafael"]
[WhiteFideId "5128897"]
[BlackFideId "130990"]
[WhiteElo "2399"]
[BlackElo "2614"]
[Result "0-1"]
[Round "10"]
[TimeControl "180+1"]
[Date "2023.08.01"]
[WhiteClock "0:00:00"]
[BlackClock "0:00:18"]
[Board "84"]

1. e4 e5 2. Nf3 Nc6 3. Bb5 g6 4. c3 Bg7 5. d4 exd4 6. cxd4 a6 7. Ba4 Nge7 8. Nc3 b5 9. Bb3 d6 10. Be3 O-O 11. Qd2 Na5 12. h4 Nxb3 13. axb3 Re8 14. h5 Bb7 15. b4 c5 16. dxc5 dxc5 17. Bxc5 Nf5 18. hxg6 hxg6 19. O-O Bxe4 20. Nxe4 Rxe4 21. Qxd8+ Rxd8 22. Rxa6 Bxb2 23. Rb6 f6 24. Rxb5 g5 25. Bb6 Rb8 26. Rxf5 Rxb6 27. b5 g4 28. Nh4 Be5 29. Rd1 Rxb5 30. f3 gxf3 31. gxf3 Rxh4 32. f4 Rxf4 0-1


[Site "https://www.chess.com"]

[Event "Titled Tuesday Blitz August 1 Late 2023"]
[White "MrLudus"]
[Black "Grinev, Valeriy"]
[BlackFideId "14117517"]
[WhiteElo "2101"]
[BlackElo "2508"]
[Result "1-0"]
[Round "10"]
[TimeControl "180+1"]
[Date "2023.08.01"]
[WhiteClock "0:01:39"]
[BlackClock "0:01:22"]
[Board "85"]

1. e4 c5 2. Nf3 Nc6 3. d4 g6 4. d5 Nb8 5. c4 d6 6. Nc3 Bg7 7. Qc2 a6 8. Be3 e6 9. Bd3 exd5 10. Nxd5 Nc6 11. O-O h6 12. Rad1 Be6 13. Be2 Nge7 14. a3 O-O 15. Qc1 Kh7 16. Bf4 Bxd5 17. exd5 Nd4 18. Nxd4 cxd4 19. Bd3 Qd7 20. Rfe1 Nf5 21. Qc2 Rfe8 22. Bxf5 gxf5 23. h3 Kg8 24. Qd2 Kh7 25. Qd3 Kg8 26. Qg3 Kh7 27. Bxd6 Rxe1+ 28. Rxe1 b6 29. Re7 Qa4 30. Rxf7 Re8 31. Qxg7# 1-0


[Site "https://www.chess.com"]

[Event "Titled Tuesday Blitz August 1 Late 2023"]
[White "Rottenwohrer Suarez, Juan"]
[Black "Vafin, Ayrat"]
[WhiteFideId "32068182"]
[BlackFideId "4146530"]
[WhiteElo "2484"]
[BlackElo "2292"]
[Result "1-0"]
[Round "10"]
[TimeControl "180+1"]
[Date "2023.08.01"]
[WhiteClock "0:00:10"]
[BlackClock "0:00:00"]
[Board "86"]

1. e4 e5 2. Nf3 Nf6 3. Nxe5 d6 4. Nf3 Nxe4 5. d4 d5 6. Bd3 Nc6 7. O-O Be7 8. Re1 Bf5 9. c4 Nb4 10. Bf1 O-O 11. a3 Nc6 12. Nc3 Nxc3 13. bxc3 Bf6 14. Bb2 Na5 15. cxd5 Qxd5 16. Qa4 Bd7 17. Qc2 Nc4 18. Bc1 Bf5 19. Qb3 Nb6 20. c4 Qd7 21. Bb2 Na4 22. Ne5 Bxe5 23. Rxe5 Nxb2 24. Qxb2 c6 25. Rd1 Rfe8 26. f4 f6 27. Rxe8+ Qxe8 28. d5 Qe3+ 29. Kh1 cxd5 30. cxd5 Qxf4 31. Qxb7 Rd8 32. d6 h5 33. Qe7 Rd7 34. Qe8+ Kh7 35. Qxh5+ Kg8 36. Bc4+ Qxc4 37. Qxf5 Rxd6 38. Rb1 Rd8 39. h3 Qd3 40. Qe6+ Kh8 41. Rb4 Qd1+ 42. Kh2 Qd6+ 43. Qxd6 Rxd6 44. Rb7 Ra6 45. Rb3 Ra4 46. g4 Kh7 47. Kg3 g5 48. Rc3 Kg6 49. Kf2 Kf7 50. Ke2 Ke6 51. Kd2 Ke5 52. Kc2 Ke4 53. Kb3 Ra6 54. a4 Rb6+ 55. Ka3 Rd6 56. Kb4 Rd5 57. a5 Ke5 58. a6 Rd6 59. Kb5 Rb6+ 60. Ka5 1-0


[Site "https://www.chess.com"]

[Event "Titled Tuesday Blitz August 1 Late 2023"]
[White "Rama, Tejas"]
[Black "Cardozo Munar, Carlos Eduardo"]
[WhiteFideId "30907381"]
[BlackFideId "4409477"]
[WhiteElo "2416"]
[BlackElo "2275"]
[Result "0-1"]
[Round "10"]
[TimeControl "180+1"]
[Date "2023.08.01"]
[WhiteClock "0:00:24"]
[BlackClock "0:00:53"]
[Board "87"]

1. d4 d5 2. c4 e5 3. dxe5 d4 4. Nf3 Nc6 5. Nbd2 Bg4 6. g3 Nge7 7. Bg2 Ng6 8. O-O Qd7 9. a3 a5 10. Nb3 O-O-O 11. Bd2 a4 12. Nc1 Ncxe5 13. Nxe5 Nxe5 14. Bb4 d3 15. f3 Bf5 16. e4 Be6 17. c5 d2 18. Ne2 Bb3 19. Qxd2 Qxd2 20. Bxd2 Rxd2 21. Nc3 Bxc5+ 22. Kh1 Rhd8 23. Rab1 Nd3 0-1


[Site "https://www.chess.com"]

[Event "Titled Tuesday Blitz August 1 Late 2023"]
[White "Polaczek, Richard"]
[Black "De Souza, Cristiano Gomes"]
[WhiteFideId "200026"]
[BlackFideId "2151758"]
[WhiteElo "2409"]
[BlackElo "2241"]
[Result "1-0"]
[Round "10"]
[TimeControl "180+1"]
[Date "2023.08.01"]
[WhiteClock "0:01:05"]
[BlackClock "0:01:13"]
[Board "88"]

1. d4 Nf6 2. Bg5 c5 3. Bxf6 gxf6 4. d5 d6 5. c4 f5 6. Nc3 Bg7 7. Qc2 e5 8. g3 O-O 9. Bh3 Qf6 10. Nf3 Nd7 11. Bxf5 h6 12. Nh4 Nb6 13. Bxc8 Raxc8 14. b3 Qe7 15. Nf5 Qd7 16. g4 Rce8 17. Ne4 Nc8 18. Rg1 Kh8 19. O-O-O Rd8 20. Rg3 Ne7 21. Nfxd6 Ng6 22. Nf5 b6 23. Qd2 Kh7 24. Rh3 Nf4 25. Rh4 Qe7 26. Nxe7 1-0


[Site "https://www.chess.com"]